 Dungeon Crawl Stone Soup version 0.28-b1-25-g9875b3fc8c (webtiles) character file.

Game seed: 17882098171986614008

121 LustLizard the Chopper (level 4, -3/61 HPs)
             Began as a Minotaur Berserker on Jan 31, 2022.
             Was a Believer of Trog.
             Slain by an orc (6 damage)
             ... on level 3 of the Dungeon.
             The game lasted 00:04:29 (2207 turns).

LustLizard the Chopper (Minotaur Berserker)         Turns: 2207, Time: 00:04:30

Health: -3/61      AC:  6    Str: 22    XL:     4   Next: 76%
Magic:  3/3        EV: 11    Int:  6    God:    Trog [**....]
Gold:   116        SH:  0    Dex: 15    Spells: 3/3 levels left

rFire   . . .      SeeInvis .   a - +0 hand axe
rCold   . . .      Faith    .   (no shield)
rNeg    . . .      Spirit   .   d - +0 ring mail
rPois   .          Reflect  .   (helmet restricted)
rElec   .          Harm     .   (no cloak)
rCorr   .          Rampage  .   g - +0 pair of gloves
Will    .....                   (no boots)
Stlth   ..........              (no amulet)
HPRegen 0.20/turn               e - +6 ring of dexterity
MPRegen 0.08/turn               (no ring)

@: berserking, very quick
A: horns 2, retaliatory headbutt
a: Renounce Religion, Berserk, Trog's Hand


You were on level 3 of the Dungeon.
You worshipped Trog.
Trog was pleased with you.
You visited 1 branch of the dungeon, and saw 3 of its levels.

You collected 116 gold pieces.

Inventory:

Hand Weapons
 a - a +0 hand axe (weapon)
 j - a +4 dagger
Missiles
 c - 76 stones (quivered)
Armour
 b - a +0 animal skin
 d - a +0 ring mail (worn)
 g - a +0 pair of gloves (worn)
Jewellery
 e - a +6 ring of dexterity (left hand)
Scrolls
 f - a scroll of vulnerability {unknown}
 h - a scroll of summoning {unknown}
 l - a scroll of magic mapping {unknown}
Potions
 i - 3 potions of might {unknown}
 k - a potion of curing {unknown}


   Skills:
 + Level 4.4 Fighting
 * Level 5.2 Axes
 * Level 2.4 Throwing
 - Level 2.4 Armour
 - Level 2.1 Dodging


You had 3 spell levels left.
You didn't know any spells.
Your spell library was empty.

Dungeon Overview and Level Annotations

Branches:
Dungeon (3/15)

Altars:

Shops:
D:3 [


Innate Abilities, Weirdness & Mutations

You have a pair of horns on your head.
You reflexively headbutt those who attack you in melee.


Message History

Unknown command.
Throw: 78 stones
Press: ? - help, Q - select action, (/) - cycle Shift-Dir - straight line, f/p - orc
Aim: an orc, wielding a +1 short sword of venom (severely wounded, 62% to hit)
You throw a stone.
The stone hits the orc but does no damage.
The orc is moderately wounded.
You feel sick.
The orc hits you from afar with a +0 trident.
Throw: 77 stones
Press: ? - help, Q - select action, (/) - cycle Shift-Dir - straight line, f/p - orc
Aim: an orc, wielding a +1 short sword of venom (severely wounded, 62% to hit)
You throw a stone. The stone closely misses the orc.
The stone hits the orc.
You kill the orc!
Trog accepts your kill.
You feel sick.
You are no longer poisoned.
The orc barely misses you.
a - a +0 hand axe (weapon)
The orc misses you. The orc hits you with a +0 trident!
* * * LOW HITPOINT WARNING * * *
You hit the orc. Your headbutt misses the orc. You punch the orc.
The orc is heavily wounded.
You closely miss the orc. The orc barely misses you.
The orc hits you but does no damage.
You closely miss the orc.
The orc is heavily wounded.
You hit the orc but do no damage. The orc hits you but does no damage.
The orc hits you with a +0 trident.
* * * LOW HITPOINT WARNING * * *
You closely miss the orc.
The orc is heavily wounded.
You hit the orc. The orc hits you with a +0 flail.
* * * LOW HITPOINT WARNING * * *
The orc hits you with a +0 trident.
* * * LOW HITPOINT WARNING * * *
A red film seems to cover your vision as you go berserk!
You feel yourself moving faster!
You feel mighty! The orc hits you with a +0 flail.
You die...

......##############.#.###
...............# #...#
...........###.### #####
#.###......##....# ..
#......##....# ..
##......##....#
...........).....#
###......#################
.........∩...@o().(.((...
##...........o..####..?...
#.#####........# ((..( ..
####.....# ...(
♣♣♣♣♣#....(# ...
≈≈P≈≈≈.....# ..
PP≈≈P≈♣....# .
≈≈≈≈≈≈≈≈#### ≈≈PP≈P♣##


You could see 2 orcs.

Vanquished Creatures
  An orc wizard (D:3)
  2 gnolls (D:3)
  2 adders (D:2)
  2 dart slugs
  4 orcs (D:3)
  4 endoplasms
  2 giant cockroaches (D:1)
  4 goblins
  8 hobgoblins
  4 quokkas
  A ball python (D:1)
  5 bats
  4 frilled lizards
  2 kobolds
  7 rats
52 creatures vanquished.

Notes
Turn   | Place    | Note
-------+----------+-------------------------------------------
     0 | D:1      | LustLizard the Minotaur Berserker began the quest for the
                  | Orb.
     0 | D:1      | Reached XP level 1. HP: 19/19 MP: 0/0
   337 | D:1      | Reached skill level 4 in Axes
   457 | D:1      | Reached XP level 2. HP: 21/27 MP: 1/1
   676 | D:1      | Reached skill level 1 in Throwing
  1065 | D:2      | Reached XP level 3. HP: 30/33 MP: 2/2
  1067 | D:2      | Reached ** piety under Trog
  1504 | D:2      | Noticed an ice devil
  1505 | D:2      | Found a faded altar of an unknown god.
  1737 | D:2      | Reached XP level 4. HP: 40/40 MP: 3/3
  1771 | D:3      | Reached skill level 5 in Axes
  2030 | D:3      | Found Jiergh's Antique Armour Shop.
  2206 | D:3      | HP: 2/41 [orc (1)]
  2207 | D:3      | Slain by an orc

Illustrated notes

Levels and vault maps discovered:
D:1:      dpeg_arrival_round_c, layout_loops_ring,
          chequers_serial_rivers_large_b
D:2:      minmay_alternating_diamond, layout_basic,
          dreamdust_ecumenical_altar_sealed_demon
D:3:      layout_basic, serial_shops, shop, serial_bayou_lagoon_b

Skill      XL: |  1  2  3  4 |
---------------+-------------+-----
Axes           | 4 5 |  5.2
Throwing       | 1 2 |  2.4
Fighting       | 4 |  4.4
Armour         | |  2.4
Dodging        | |  2.1

Action                   |  1- 3 |  4- 6 || total
-------------------------+-------+-------++-------
Melee: Hand axe          |    64 |    18 ||    82
       Headbutt          |     8 |     5 ||    13
       Punch             |     1 |     2 ||     3
       Dagger            |       |     9 ||     9
Throw: Stone             |    47 |    13 ||    60
Invok: Berserk           |       |     1 ||     1
Armor: Animal skin       |     2 |       ||     2
       Ring mail         |    16 |     9 ||    25
Dodge: Dodged            |    25 |    15 ||    40
